 Dungeon Crawl Stone Soup version 0.17.0-23-g0de4337 (webtiles) character file.

509435 McCoppin the Phalangite (level 26, -52/197 HPs)
             Began as a Formicid Fighter on Nov 12, 2015.
             Was the Champion of Okawaru.
             Killed from afar by an ancient lich (107 damage)
             ... with a crystal spear
             ... on level 5 of the Depths on Nov 13, 2015.
             The game lasted 05:39:22 (67890 turns).

McCoppin the Phalangite (Formicid Fighter)         Turns: 67890, Time: 05:39:22

Health: -52/197    AC: 43    Str: 26      XL:     26   Next: 78%
Magic:  27/27      EV: 21    Int:  8 (9)  God:    Okawaru [******]
Gold:   5425       SH: 22    Dex: 20      Spells: 0 memorised, 25 levels left

rFire  + . .     SeeInvis +     j - +1 bardiche (chop)
rCold  + + .     Clarity  +     W - +9 gold dragon armour
rNeg   . . .     SustAt   .     Y - +0 large shield {AC+3}
rPois  +         Gourm    .     (helmet unavailable)
rElec  .         Spirit   .     e - +2 cloak {MR+}
rCorr  .         Warding  .     K - +0 pair of gloves of Disappointment {Int-3 Dex+7}
rMut   .         Stasis   +     t - +1 pair of boots {Stlth+}
MR     +++..                    H - amulet of faith
Stlth  ..........               n - +4 ring of protection
                                r - +5 ring of evasion

@: corroded equipment, extremely resistant to hostile enchantments, extremely
unstealthy
A: permanent stasis, dig shafts and tunnels, four strong arms, antennae 3,
blurry vision 1, clarity, cold resistance 1, deterioration 1, frail 1, screaming
1, shaggy fur 1, spit poison 1
a: Dig, Shaft Self, Spit Poison, Heroism, Renounce Religion
}: 2/15 runes: decaying, serpentine


You were on level 5 of the Depths.
You worshipped Okawaru.
Okawaru was exalted by your worship.
You were not hungry.

You visited 9 branches of the dungeon, and saw 47 of its levels.
You also visited: Labyrinth, Sewer, Volcano and Wizlab.

You collected 6943 gold pieces.
You spent 1518 gold pieces at shops.

Inventory:

Hand Weapons
 j - a +1 bardiche of chopping (weapon)
 m - a +5 demon trident of electrocution
Missiles
 w - 4 throwing nets (quivered)
Armour
 e - a +2 cloak of magic resistance (worn)
 t - a +1 pair of boots of stealth (worn)
 K - the +0 pair of gloves of Disappointment (worn) {Int-3 Dex+7}
   (Okawaru gifted it to you on level 3 of the Snake Pit)

   It affects your intelligence (-3).
   It affects your dexterity (+7).
 W - a +9 gold dragon armour (worn)
 Y - a +0 large shield of protection (worn)
Jewellery
 b - the amulet of Lidot {Ward rN+ SInv}
   (You took it off a vault sentinel on level 3 of the Vaults)

   [amulet of warding]

   It may prevent the melee attacks of summoned creatures.
   It protects you from negative energy.
   It lets you see invisible.
 f - an uncursed ring of ice
 i - an uncursed ring of protection from fire
 n - a +4 ring of protection (right hand)
 r - a +5 ring of evasion (left hand)
 D - an uncursed ring of protection from cold
 F - an uncursed ring of protection from fire
 H - an amulet of faith (around neck)
 L - an uncursed ring of protection from cold
Wands
 v - a wand of flame (10)
Scrolls
 c - a scroll of summoning
 k - a scroll of holy word
 l - 5 scrolls of enchant weapon
 s - 2 scrolls of enchant armour
 z - 7 scrolls of fear
 I - a scroll of brand weapon
 M - 16 scrolls of remove curse
 N - 5 scrolls of recharging
 O - 3 scrolls of fog
 P - 15 scrolls of identify
 R - 3 scrolls of magic mapping
 S - 3 scrolls of vulnerability
Potions
 d - 14 potions of flight
 g - 2 potions of might
 p - 8 potions of agility
 q - a potion of heal wounds
 x - a potion of beneficial mutation
 A - 4 potions of resistance
 B - 4 potions of brilliance
 C - 4 potions of invisibility
 E - 4 potions of ambrosia
 T - a potion of cancellation
 Z - 13 potions of curing
Books
 a - a book of Frost

   Spells                             Type                      Level
   a - Freeze                         Ice                          1
   b - Throw Frost                    Conjuration/Ice              2
   c - Ozocubu's Armour               Charms/Ice                   3
   d - Throw Icicle                   Conjuration/Ice              4
   e - Summon Ice Beast               Ice/Summoning                4
   f - Condensation Shield            Ice                          4
 o - Lee's Collected Works on Dusty Confrontation
   (You found it on level 4 of the Depths)

   Spells                             Type                      Level
   a - Magic Dart                     Conjuration                  1
   b - Stone Arrow                    Conjuration/Earth            3
   c - Force Lance                    Conjuration/Translocation    4
   d - Sticky Flame                   Conjuration/Fire             4
   e - Iron Shot                      Conjuration/Earth            6
Comestibles
 h - 12 fruits
 u - 25 meat rations


   Skills:
 - Level 20.4 Fighting
 - Level 26.0 Polearms
 - Level 18.2 Armour
 + Level 15.9 Dodging
 - Level 6.0 Stealth
 - Level 16.0 Shields
 - Level 6.1 Invocations


You had 25 spell levels left.
You didn't know any spells.

Dungeon Overview and Level Annotations

Branches:
Dungeon (15/15)            Temple (1/1) D:6            Lair (8/8) D:11
  Swamp (4/4) Lair:5        Snake (4/4) Lair:4        Slime (0/6) Lair:6
    Orc (4/4) D:11            Elf (3/3) Orc:3        Vaults (4/5) D:13
  Crypt (0/3) Vaults:3     Depths (5/5) D:15
    Zot: Depths:5

Altars:
Ashenzari
Cheibriados
Dithmenos
Elyvilon
Fedhas
Gozag
Kikubaaqudgha
Makhleb
Nemelex Xobeh
Okawaru
Qazlal
Ru
Sif Muna
Trog
Vehumet
Xom
Yredelemnul
Zin
The Shining One
Beogh
Jiyva

Shops:
D:10 [   D:13 (   Orc:3 }   Orc:4 !([*   Elf:2 ?   Snake:4 }:(}(
Vaults:1 }[(**:(   Vaults:2 }   Depths:1 !}}[

Portals:
Hell: Depths:1 Depths:2 Depths:3 Depths:4
Abyss: Depths:2 Depths:4
Pandemonium: Depths:3 Depths:4
Ziggurat: Depths:1
Trove: D:12 (give 2 potions of cure mutation)

Annotations:
Lair:1 exclusion: oklob plant


Innate Abilities, Weirdness & Mutations

You are under a permanent stasis effect.
You can dig through walls and to a lower floor.
Your four strong arms can wield two-handed weapons with a shield.
You have a pair of large antennae on your head (SInv).
Scrolls take you a little longer to read.
You possess an exceptional clarity of mind.
Your flesh is cold resistant.
Your body sometimes deteriorates upon taking damage.
You are frail (-10% HP).
You occasionally shout uncontrollably at your foes.
You are covered in fur (AC +1).
You can spit weak poison.


Message History

There is an open door here.
Found a stone staircase leading up.
There is a stone staircase leading up here.
You open the door.
Found a book of Annihilations.
Found a book of Flames, a scroll of teleportation and a book of Callings.
There is an open door here.
An ancient lich comes into view.
Found a hardcover book and a scroll of random uselessness.
The ancient lich casts a spell at you. The bolt of acid hits you!
The acid corrodes you!
The acid burns!
The ancient lich mumbles some strange words.
The ancient lich summons a servant imbued with its destructive magic!
The spellforged servitor gestures at you while chanting.
The crystal spear hits you!
* * * LOW HITPOINT WARNING * * *
The ancient lich casts a spell at you. The crystal spear hits you!
Ouch! That really hurt!
You die...

#.....#######.####.#.....
#.#....#..<...# #.#.####
#.######'###### #.#<....
#.#?.........:# #.#.####
#?##.........## #.#....)
#(#?.........:# #.######
#.##.........## {{
#.#:.........:# {
#.##....@....## {
#.#:....L....:#
####......8..##{ {
#?.........:#
############# # { # # # #


You could see an ancient lich.

Vanquished Creatures
  Mara (Elf:3)
  Boris (Vaults:2)
  the Lernaean hydra (Swamp:4)
  Norris (Snake:2)
  Vashnia (Snake:2)
  2 golden dragons
  Nikola (Swamp:3)
  Xtahua (Depths:3)
  Jorgrun (Swamp:2)
  A lich (Depths:3)
  Rupert (Lair:3)
  3 tentacled monstrosities
  A titan (Depths:3)
  Asterion (Depths:2)
  2 deep elf master archers (Elf:3)
  3 deep elf blademasters
  A sphinx (Vaults:3)
  Gastronok (Orc:2)
  The ghost of Anothat the Executioner, an adept HOFi of Ru (Swamp:3)
  2 shadow dragons
  Kirke (Lair:7)
  A fire giant (Vaults:4)
  A storm dragon (Vaults:3)
  8 greater nagas (Snake:4)
  A thorn hunter (Swamp:1)
  A large abomination (Elf:3)
  Roxanne (Snake:1)
  Wiglaf (Snake:2)
  2 tengu reavers (Vaults:4)
  8 frost giants
  Donald (Vaults:4)
  Maud (Lair:7)
  7 deep elf sorcerers
  8 vault wardens
  Aizul (Snake:2)
  Louise (Swamp:1)
  18 ironheart preservers
  2 orc warlords
  A spriggan defender (Depths:2)
  A war gargoyle (Vaults:4)
  A reaper (Depths:4)
  12 very ugly things
  2 vampire knights
  22 stone giants
  12 deep elf annihilators
  Azrael (Orc:4)
  11 deep elf demonologists
  10 purple draconians (WizLab)
  A salamander stormcaller (Vaults:3)
  11 ettins
  Snorg (Lair:3)
  A minotaur (Lab)
  12 deep elf death magi
  12 yaktaur captains
  11 ogre magi
  9 great orbs of eyes
  3 deep elf high priests
  5 fire dragons
  11 vault guards
  A small abomination (Vaults:4)
  Fannar (Lair:2)
  6 entropy weavers
  5 rakshasas
  8 ice dragons
  15 naga warriors
  2 ghost crabs
  Erolcha (D:11)
  2 catoblepae (Lair:8)
  9 statues (WizLab)
  27 hydras
  14 anacondas
  Erica (D:8)
  19 dancing weapons (Elf:2)
  9 centaur warriors
  19 alligators
  15 deep troll earth magi
  2 vampire magi
  5 death yaks (Lair:5)
  18 deep troll shamans
  2 orc high priests
  The ghost of Dustman the Cleaver, a novice HuFi of Ru (D:8)
  Urug (Orc:2)
  15 naga sharpshooters
  5 tengu warriors
  2 shock serpents (shapeshifter)
  6 shock serpents
  15 deep elf knights
  Sonja (Lair:3)
  Nergalle (Orc:2)
  A sun demon (Depths:4)
  12 iron trolls
  4 salamander mystics
  3 unseen horrors
  22 hell knights
  45 deep trolls
  7 naga ritualists
  7 skeletal warriors
  10 sea snakes (Snake:4)
  10 deep elf summoners
  11 swamp dragons
  2 harpies (shapeshifter)
  4 shambling mangroves
  13 orc knights
  A wolf spider zombie (D:15)
  2 giant orange brains
  20 deep elf conjurers
  3 wizards
  A lindwurm (Lair:8)
  11 hill giants
  15 mana vipers
  11 ironbrand convokers
  6 necromancers
  A hornet (Swamp:1)
  4 oklob plants (Depths:4)
  A harpy (Vaults:3)
  A faun (shapeshifter) (Vaults:2)
  40 ugly things
  A wolf spider (Vaults:3)
  A salamander (shapeshifter) (Vaults:3)
  A rust devil (Depths:1)
  9 griffons
  13 salamanders
  9 orc sorcerers
  45 black mambas
  9 guardian serpents
  17 naga magi
  Maurice (D:8)
  A black mamba (shapeshifter) (D:14)
  A centaur zombie (D:13)
  10 cyclopes
  Joseph (D:8)
  19 elephants
  The ghost of Britaniac the Conjurer, a novice DEFE (Sewer)
  Psyche (D:8)
  A torpor snail (Lair:6)
  4 gargoyles
  11 vault sentinels
  40 spiny frogs
  A komodo dragon (shapeshifter) (D:15)
  A fire drake (shapeshifter) (Depths:4)
  4 komodo dragons
  An efreet (Volcano)
  2 fire drakes
  A jumping spider (Vaults:4)
  42 yaktaurs
  5 freezing wraiths
  A hellwing (Depths:4)
  A kobold demonologist (D:13)
  A red devil (Depths:4)
  16 deep elf priests
  10 trolls
  5 spriggan druids
  A wind drake (shapeshifter) (Depths:2)
  A blink frog (shapeshifter) (Elf:2)
  A queen bee (Lair:5)
  A minotaur skeleton (Lab)
  14 two-headed ogres
  9 giant leeches
  43 slime creatures
  7 bog bodies
  21 blink frogs
  2 spriggans (shapeshifter)
  7 boulder beetles
  44 deep elf magi
  51 deep elf fighters
  13 redbacks
  Sigmund (D:2)
  4 shadows
  5 wraiths
  A spriggan (Swamp:3)
  2 wyverns
  3 hungry ghosts
  3 basilisks
  18 humans (D:13)
  38 yaks
  3 tarantellas
  A neqoxec (Depths:4)
  2 hogs (Lair:7)
  7 fire elementals
  A hippogriff (shapeshifter) (D:15)
  6 wargs
  A mottled dragon (D:13)
  A mottled dragon (shapeshifter) (Vaults:2)
  A steam dragon (D:9)
  36 vampire mosquitoes
  5 hippogriffs
  Edmund (D:4)
  14 insubstantial wisps
  8 hell hounds
  66 nagas
  2 soldier ants (D:13)
  21 swamp worms
  A wolf (Lair:7)
  22 water moccasins
  46 orc warriors
  11 porcupines
  4 ice beasts
  Duvessa (D:6)
  14 swamp drakes
  An eye of draining (D:14)
  Purgy (Sewer)
  5 sky beasts
  2 black bears (shapeshifter)
  2 black bears (D:12)
  13 wasps
  15 boggarts
  21 centaurs
  41 ogres
  3 necrophages
  A gnoll sergeant (D:12)
  An elf zombie (D:9)
  A brain worm (D:12)
  20 crocodiles
  3 big kobolds
  2 wyvern zombies
  Dowan (D:6)
  5 scorpions
  34 giant frogs
  16 killer bees
  6 electric eels
  An elf simulacrum (Vaults:3)
  A quasit (D:11)
  5 crimson imps
  24 wights
  4 lava snakes (Lab)
  A gnoll shaman (D:6)
  4 human zombies (D:9)
  3 jellies
  3 centaur skeletons
  A giant frog skeleton (D:12)
  A human simulacrum (Vaults:3)
  37 orc wizards
  6 worker ants
  7 hounds
  16 hell rats
  36 orc priests
  Terence (D:3)
  8 iguanas
  A killer bee zombie (D:11)
  32 sheep
  An ogre zombie (D:9)
  A mummy (D:9)
  A worker ant zombie (D:10)
  39 gnolls
  13 adders
  67 river rats
  3 shadow imps
  2 oozes
  An adder zombie (D:7)
  3 worms (D:2)
  2 giant geckos
  207 orcs
  16 bats
  2 giant cockroaches
  4 goblins
  7 hobgoblins
  23 jackals
  21 kobolds
  6 ball pythons
  3 giant gecko skeletons
  11 giant newts
  An orc zombie (D:9)
  3 quokkas
  31 rats
  A briar patch (Swamp:1)
  3 crawling corpses (Elf:3)
  A plant (Lair:8)
2448 creatures vanquished.

Vanquished Creatures (collateral kills)
  A spiny frog (Lair:8)
  2 yaks (Lair:8)
  4 vampire mosquitoes (Lair:8)
  A water moccasin (Lair:8)
  A giant frog (Lair:8)
9 creatures vanquished.

Vanquished Creatures (others)
  A war gargoyle (Vaults:3)
  A naga warrior (Snake:4)
  2 spriggans (Swamp:3)
  A yaktaur (Depths:1)
  A deep elf mage (Elf:3)
  A deep elf fighter (Elf:1)
  A human (Lair:7)
  A wolf (Lair:7)
  2 swamp worms (Swamp:3)
  2 wasps (Swamp:3)
  2 giant frogs
  An orc wizard (Vaults:4)
  2 orcs
  A ball python (Lair:4)
  A briar patch (Swamp:1)
  A crawling corpse (Elf:3)
  23 fungi
  13 plants
57 creatures vanquished.

Grand Total: 2514 creatures vanquished

Notes
Turn   | Place    | Note
--------------------------------------------------------------
     0 | D:1      | McCoppin the Formicid Fighter began the quest for the Orb.
     0 | D:1      | Reached XP level 1. HP: 18/18 MP: 1/1
   194 | D:1      | Reached XP level 2. HP: 24/24 MP: 2/2
   481 | D:1      | Found a glowing golden altar of the Shining One.
   523 | D:2      | Noticed Sigmund
   554 | D:2      | Killed Sigmund
   554 | D:2      | Reached skill level 5 in Polearms
   554 | D:2      | Reached XP level 3. HP: 3/29 MP: 3/3
   554 | D:2      | Reached XP level 4. HP: 3/35 MP: 4/4
   554 | D:2      | Reached XP level 5. HP: 3/41 MP: 5/5
   984 | D:2      | Reached XP level 6. HP: 47/47 MP: 6/6
  1136 | D:2      | Found a faded altar to an unknown god.
  1352 | D:3      | Reached skill level 6 in Polearms
  1474 | D:3      | Noticed Terence
  1488 | D:3      | Killed Terence
  1908 | D:3      | Found a glowing golden altar of the Shining One.
  1915 | D:3      | Found a burning altar of Makhleb.
  2793 | D:4      | Noticed Edmund
  2819 | D:4      | Killed Edmund
  2819 | D:4      | Reached skill level 7 in Polearms
  2819 | D:4      | Reached XP level 7. HP: 39/52 MP: 7/7
  3124 | D:4      | You fall through a shaft for 3 floors!
  3227 | D:7      | Found a deep blue altar of Sif Muna.
  3258 | D:7      | Reached skill level 8 in Polearms
  3300 | D:7      | Found a radiant altar of Vehumet.
  3582 | D:6      | Reached XP level 8. HP: 30/58 MP: 8/8
  3593 | D:6      | Reached skill level 9 in Polearms
  3838 | D:6      | Found a glowing drain.
  3847 | Sewer    | Entered a sewer
  3942 | Sewer    | Noticed Britaniac's ghost (novice DEFE)
  3964 | Sewer    | Noticed Purgy
  3979 | Sewer    | Killed Britaniac's ghost
  3983 | Sewer    | Killed Purgy
  3983 | Sewer    | Reached skill level 10 in Polearms
  4290 | D:7      | Reached XP level 9. HP: 47/64 MP: 9/9
  4623 | D:7      | Reached skill level 11 in Polearms
  4891 | D:6      | Found a staircase to the Ecumenical Temple.
  4939 | Temple   | Entered the Ecumenical Temple
  4979 | Temple   | Became a worshipper of Warmaster Okawaru
  5086 | D:6      | Found a basalt altar of Yredelemnul.
  5239 | D:6      | Noticed Duvessa
  5253 | D:6      | Noticed Dowan
  5259 | D:6      | Killed Duvessa
  5274 | D:6      | Killed Dowan
  5535 | D:6      | Reached skill level 12 in Polearms
  5629 | D:6      | Reached * piety under Okawaru
  5818 | D:6      | Found a blossoming altar of Fedhas.
  6028 | D:7      | Found a sacrificial altar of Ru.
  6320 | D:8      | Noticed Joseph
  6339 | D:8      | Killed Joseph
  6351 | D:8      | Reached XP level 10. HP: 43/70 MP: 10/10
  6509 | D:8      | Noticed Maurice
  6516 | D:8      | HP: 2/70 [disintegration (22)]
  6521 | D:8      | Killed Maurice
  6521 | D:8      | Reached skill level 13 in Polearms
  6726 | D:8      | Found a stormy altar of Qazlal.
  6733 | D:8      | Found a snail-covered altar of Cheibriados.
  6774 | D:8      | Reached ** piety under Okawaru
  6831 | D:8      | Noticed Erica
  6848 | D:8      | Killed Erica
  6869 | D:8      | Noticed Dustman's ghost (novice HuFi)
  6905 | D:8      | Reached skill level 14 in Polearms
  6907 | D:8      | Killed Dustman's ghost
  7095 | D:8      | Reached *** piety under Okawaru
  7189 | D:8      | Found a bloodstained altar of Trog.
  7194 | D:8      | Noticed Psyche
  7200 | D:8      | Killed Psyche
  7290 | D:8      | Reached XP level 11. HP: 55/75 MP: 11/11
  7564 | D:8      | Reached skill level 15 in Polearms
  8305 | D:9      | Reached skill level 5 in Armour
  8350 | D:9      | Found an ancient bone altar of Kikubaaqudgha.
  8524 | D:9      | Reached **** piety under Okawaru
  8866 | D:9      | Found a glowing silver altar of Zin.
  8866 | D:9      | Noticed an angel
  8940 | D:10     | Entered Level 10 of the Dungeon
  8986 | D:10     | Gained mutation: You have sharp fingernails. [mutagenic meat]
  8987 | D:10     | Gained mutation: You are clumsy. (Dex -2) [mutagenic meat]
  8988 | D:10     | Gained mutation: You regenerate slowly when monsters are visible. [mutagenic meat]
  9015 | D:10     | Reached skill level 5 in Fighting
  9171 | D:10     | Found Jelea's Armour Emporium.
  9186 | D:10     | Gained mutation: Your mind is acute. (Int +2) [mutagenic meat]
  9591 | D:11     | Noticed a skeletal warrior
  9591 | D:11     | Noticed a skeletal warrior
  9591 | D:11     | Noticed a cyclops
  9735 | D:11     | Found a staircase to the Lair.
  9779 | Lair:1   | Entered Level 1 of the Lair of Beasts
  9783 | Lair:1   | Gained mutation: You are partially covered in yellow scales (AC +2). [potion of mutation]
  9783 | Lair:1   | Gained mutation: You can spit weak poison. [potion of mutation]
  9783 | Lair:1   | Gained mutation: You are partially covered in slimy green scales (AC +2). [potion of mutation]
  9784 | Lair:1   | Gained mutation: Your body sometimes deteriorates upon taking damage. [potion of mutation]
  9835 | Lair:1   | Lost mutation: You regenerate slowly when monsters are visible. [potion of cure mutation]
  9835 | Lair:1   | Lost mutation: You are partially covered in yellow scales (AC +2). [potion of cure mutation]
  9835 | Lair:1   | Lost mutation: You can spit weak poison. [potion of cure mutation]
  9931 | Lair:1   | Reached skill level 5 in Shields
 10003 | Lair:1   | Noticed a centaur warrior
 10135 | D:11     | Reached ***** piety under Okawaru
 10415 | D:11     | Noticed a skeletal warrior
 10436 | D:11     | Killed a skeletal warrior
 10454 | D:11     | Noticed a hill giant
 10578 | D:11     | Killed a hill giant
 10578 | D:11     | Received a gift from Okawaru
 10704 | D:11     | Reached XP level 12. HP: 89/89 MP: 12/12
 10710 | D:11     | Noticed Erolcha
 10734 | D:11     | Noticed a hill giant
 10734 | D:11     | Killed Erolcha
 10769 | D:11     | Killed a hill giant
 10831 | D:11     | Killed a skeletal warrior
 11250 | D:11     | Killed a cyclops
 11532 | D:11     | Found a staircase to the Orcish Mines.
 11718 | D:11     | Noticed a five-headed hydra
 11746 | D:11     | Killed a five-headed hydra
 12034 | Lair:1   | Reached skill level 10 in Shields
 12065 | Lair:1   | Noticed an oklob plant
 12207 | Lair:1   | Killed a centaur warrior
 12745 | Lair:2   | Noticed Fannar
 12773 | Lair:2   | Killed Fannar
 12851 | Lair:2   | Noticed a seven-headed hydra
 12874 | Lair:2   | Killed a seven-headed hydra
 13428 | Lair:3   | Reached XP level 13. HP: 87/101 MP: 13/13
 13742 | Lair:3   | Noticed Rupert
 13804 | Lair:3   | Killed Rupert
 13804 | Lair:3   | Received a gift from Okawaru
 13804 | Lair:3   | Reached skill level 10 in Armour
 14120 | Lair:3   | Noticed Snorg
 14162 | Lair:3   | Killed Snorg
 14162 | Lair:3   | Reached skill level 10 in Fighting
 14367 | Lair:3   | Noticed Sonja
 14552 | Lair:3   | Killed Sonja
 15935 | Lair:4   | Reached skill level 5 in Invocations
 16320 | Lair:4   | Found a staircase to the Snake Pit.
 16881 | Lair:4   | Reached ****** piety under Okawaru
 17060 | Lair:4   | Received a gift from Okawaru
 17715 | Lair:5   | Found a frozen archway.
 17720 | Lair:5   | Found a labyrinth entrance.
 17746 | Lab      | Entered a labyrinth
 18500 | Lab      | Noticed a minotaur
 18510 | Lab      | Killed a minotaur
 18510 | Lab      | Reached XP level 14. HP: 87/113 MP: 18/18
 19269 | Lair:5   | Found a staircase to the Swamp.
 19341 | Lair:5   | Reached skill level 16 in Polearms
 19347 | Lair:5   | Received a gift from Okawaru
 19986 | Lair:6   | Found a viscous altar of Jiyva.
 19987 | Lair:6   | Found a staircase to the Slime Pits.
 20655 | Lair:6   | Received a gift from Okawaru
 20858 | Lair:6   | Reached skill level 17 in Polearms
 21495 | Lair:7   | Noticed Maud
 21506 | Lair:7   | Killed Maud
 21645 | Lair:7   | Noticed Kirke
 21654 | Lair:7   | Noticed a sphinx
 21661 | Lair:7   | Killed Kirke
 21661 | Lair:7   | Received a gift from Okawaru
 22334 | Lair:7   | Reached XP level 15. HP: 109/119 MP: 19/19
 22497 | Lair:8   | Entered Level 8 of the Lair of Beasts
 23250 | Lair:8   | Received a gift from Okawaru
 23278 | Lair:8   | Got a brightly glowing halberd {god gift}
 23279 | Lair:8   | Identified the +5 halberd "Ariales" {chop, Str+3} (Okawaru gifted it to you on level 8 of the Lair of Beasts)
 23942 | Lair:8   | Got an ebony falchion
 23954 | Lair:8   | Identified the +7 falchion of Amorality {flame, Str+3 Stlth+} (You found it on level 8 of the Lair of Beasts)
 24500 | D:12     | Received a gift from Okawaru
 24535 | D:12     | Killed a skeletal warrior
 24615 | D:12     | Reached skill level 15 in Shields
 24703 | D:12     | Found a portal to a secret trove of treasure.
 25552 | D:13     | Reached XP level 16. HP: 123/127 MP: 20/20
 25597 | D:13     | Found Cetus's Weapon Boutique.
 25636 | D:13     | Reached skill level 18 in Polearms
 26131 | D:13     | Found a gate to the Vaults.
 26150 | D:13     | Received a gift from Okawaru
 26151 | D:13     | Got a crude shortbow {god gift}
 26156 | D:13     | Identified the +4 shortbow of Darkness {venom, Dex+4} (Okawaru gifted it to you on level 13 of the Dungeon)
 26358 | D:14     | Gained mutation: Armour fits poorly on your strangely shaped body. [mutagenic meat]
 26359 | D:14     | Lost mutation: Your mind is acute. (Int +2) [mutagenic meat]
 26785 | D:14     | Gained mutation: You are partially covered in rugged brown scales (AC +1, +3% HP). [mutagenic meat]
 26787 | D:14     | Gained mutation: You are dopey. (Int -2) [mutagenic meat]
 26788 | D:14     | Gained mutation: Your body often deteriorates upon taking damage. [mutagenic meat]
 26789 | D:14     | Lost mutation: You are partially covered in rugged brown scales (AC +1, +3% HP). [mutagenic meat]
 26790 | D:14     | Gained mutation: You have large cloven feet. [mutagenic meat]
 26791 | D:14     | Lost mutation: You are dopey. (Int -2) [mutagenic meat]
 26792 | D:14     | Lost mutation: You are partially covered in slimy green scales (AC +2). [mutagenic meat]
 26793 | D:14     | Gained mutation: You are partially covered in rough black scales (AC +4, Dex -1). [mutagenic meat]
 26794 | D:14     | Gained mutation: Scrolls take you a little longer to read. [mutagenic meat]
 26875 | D:15     | Entered Level 15 of the Dungeon
 26901 | D:15     | Reached skill level 19 in Polearms
 26924 | D:15     | Received a gift from Okawaru
 26925 | D:15     | Got an ancient glaive {god gift}
 26926 | D:15     | Identified the +1 glaive "Ceddum" {chop, SInv} (Okawaru gifted it to you on level 15 of the Dungeon)
 27728 | D:15     | Received a gift from Okawaru
 28027 | D:15     | Gained mutation: Your flesh is cold resistant. [mutagenic meat]
 28139 | D:15     | Lost mutation: Armour fits poorly on your strangely shaped body. [mutagenic meat]
 28140 | D:15     | Gained mutation: Armour fits poorly on your strangely shaped body. [mutagenic meat]
 28144 | D:15     | Gained mutation: You are partially covered in thin metallic scales (AC +2). [mutagenic meat]
 28145 | D:15     | Gained mutation: Your mind is acute. (Int +2) [mutagenic meat]
 28414 | D:15     | Found Gufoppigg's Food Shoppe.
 28428 | D:15     | Reached skill level 20 in Polearms
 28444 | D:15     | Bought a meat ration for 60 gold pieces
 28444 | D:15     | Bought a beef jerky for 18 gold pieces
 28444 | D:15     | Bought a bread ration for 60 gold pieces
 28444 | D:15     | Bought a beef jerky for 18 gold pieces
 28444 | D:15     | Bought a meat ration for 60 gold pieces
 28444 | D:15     | Bought a meat ration for 60 gold pieces
 28444 | D:15     | Bought a beef jerky for 18 gold pieces
 28444 | D:15     | Bought 3 fruits for 54 gold pieces
 28444 | D:15     | Bought a meat ration for 60 gold pieces
 28518 | D:15     | Reached XP level 17. HP: 126/133 MP: 21/21
 28659 | D:15     | Found a staircase to the Depths.
 28882 | Orc:1    | Entered Level 1 of the Orcish Mines
 29096 | Orc:2    | Noticed Urug
 29106 | Orc:2    | Killed Urug
 29106 | Orc:2    | Received a gift from Okawaru
 29107 | Orc:2    | Got a jasper-encrusted plate armour {god gift}
 29110 | Orc:2    | Noticed Gastronok
 29125 | Orc:2    | Killed Gastronok
 29144 | Orc:2    | Found a dark tunnel.
 29165 | Orc:2    | Identified the +7 plate armour of Hudaol {*Contam rC+++ rN+ Str-5} (Okawaru gifted it to you on level 2 of the Orcish Mines)
 29173 | Volcano  | Entered a volcano
 29542 | Orc:2    | Noticed Nergalle
 29557 | Orc:2    | Killed Nergalle
 29993 | Orc:3    | Found a staircase to the Elven Halls.
 30033 | Orc:3    | Found Radacs's Gadget Boutique.
 30503 | Orc:4    | Entered Level 4 of the Orcish Mines
 30537 | Orc:4    | Noticed Azrael
 30565 | Orc:4    | Killed Azrael
 30945 | Orc:4    | Found a roughly hewn altar of Beogh.
 31057 | Orc:4    | Found a roughly hewn altar of Beogh.
 31073 | Orc:4    | Found Wemuq's Assorted Antiques.
 31083 | Orc:4    | Bought a faintly glowing spear for 296 gold pieces
 31084 | Orc:4    | Identified the +5 spear of Reinforcement {pierce, rElec rPois rC++ Stlth+} (You bought it in a shop on level 4 of the Orcish Mines)
 31177 | Orc:4    | Found a roughly hewn altar of Beogh.
 31213 | Orc:4    | Found Viazil's Distillery.
 31226 | Orc:4    | Bought a potion of heal wounds for 90 gold pieces
 31226 | Orc:4    | Bought a potion of curing for 54 gold pieces
 31828 | Orc:4    | Found Ynkuli's Antique Weapon Shop.
 31829 | Orc:4    | Found a roughly hewn altar of Beogh.
 31832 | Orc:4    | Found Qaec's Antique Armour Boutique.
 31980 | Orc:4    | Found a bloodstained altar of Trog.
 32047 | Orc:4    | Found a roughly hewn altar of Beogh.
 32112 | Orc:4    | Found a roughly hewn altar of Beogh.
 33012 | Swamp:1  | Entered Level 1 of the Swamp
 33038 | Swamp:1  | Found a snail-covered altar of Cheibriados.
 33166 | Swamp:1  | Received a gift from Okawaru
 33167 | Swamp:1  | Got a silken robe {god gift}
 33221 | Swamp:1  | Identified the +2 robe of Fortification {*Corrode MR+ Str+2 Stlth+} (Okawaru gifted it to you on level 1 of the Swamp)
 33658 | Swamp:1  | Noticed Louise
 33676 | Swamp:1  | Killed Louise
 34798 | Swamp:2  | Noticed Jorgrun
 34816 | Swamp:2  | Killed Jorgrun
 34816 | Swamp:2  | Reached XP level 18. HP: 144/144 MP: 22/22
 35445 | Swamp:2  | Received a gift from Okawaru
 35446 | Swamp:2  | Got a jewelled ring mail {god gift}
 35453 | Swamp:2  | Identified the +4 ring mail of Amoa {rC++ Dex+4 Stlth-} (Okawaru gifted it to you on level 2 of the Swamp)
 35571 | Swamp:3  | Reached skill level 5 in Stealth
 35610 | Swamp:3  | Noticed Anothat's ghost (adept HOFi)
 35647 | Swamp:3  | Killed Anothat's ghost
 36225 | Swamp:3  | Noticed Nikola
 36265 | Swamp:3  | Killed Nikola
 36461 | Swamp:3  | Reached skill level 15 in Fighting
 37031 | Swamp:4  | Entered Level 4 of the Swamp
 37115 | Swamp:4  | Received a gift from Okawaru
 37450 | Swamp:4  | Noticed the 27-headed Lernaean hydra
 37466 | Swamp:4  | Killed the 27-headed Lernaean hydra
 37832 | Swamp:4  | Got a decaying rune of Zot
 37943 | Swamp:4  | Reached XP level 19. HP: 151/159 MP: 23/23
 38980 | Snake:1  | Entered Level 1 of the Snake Pit
 39024 | Snake:1  | Received a gift from Okawaru
 39141 | Snake:1  | Lost mutation: You have large cloven feet. [mutagenic glow]
 39882 | Snake:1  | Noticed Roxanne
 39932 | Snake:1  | Killed Roxanne
 39934 | Snake:1  | Identified Roxanne's Incunabulum of Ashen Transformation (You took it off Roxanne on level 1 of the Snake Pit)
 40267 | Snake:1  | Found a glowing silver altar of Zin.
 40610 | Snake:2  | Found an opulent altar of Gozag.
 40621 | Snake:2  | Noticed Aizul
 40646 | Snake:2  | Killed Aizul
 41210 | Snake:2  | Noticed Norris
 41237 | Snake:2  | Killed Norris
 41434 | Snake:2  | Noticed Wiglaf
 41460 | Snake:2  | Killed Wiglaf
 41906 | Snake:2  | Received a gift from Okawaru
 41926 | Snake:2  | You fall through a shaft!
 42184 | Snake:2  | Noticed Vashnia
 42661 | Snake:2  | Killed Vashnia
 42714 | Snake:3  | Reached XP level 20. HP: 144/176 MP: 24/24
 42772 | Snake:3  | Received a gift from Okawaru
 42775 | Snake:3  | Got a pair of scorched gloves {god gift}
 42786 | Snake:3  | Identified the +0 pair of gloves of Disappointment {Int-3 Dex+7} (Okawaru gifted it to you on level 3 of the Snake Pit)
 43474 | Snake:4  | Entered Level 4 of the Snake Pit
 43542 | Snake:4  | Found Geyz's Antique Weapon Shoppe.
 43633 | Snake:4  | Found Resownoid's Gadget Emporium.
 43744 | Snake:4  | Found Rerot's Gadget Shoppe.
 43866 | Snake:4  | Found Zikutit's Antique Weapon Emporium.
 44541 | Snake:4  | Found Qutoppoxt's Book Shoppe.
 45040 | Snake:4  | Received a gift from Okawaru
 45459 | Snake:4  | Reached skill level 15 in Armour
 45626 | Snake:4  | Received a gift from Okawaru
 45659 | Snake:4  | Lost mutation: You are partially covered in rough black scales (AC +4, Dex -1). [mutagenic meat]
 45660 | Snake:4  | Gained mutation: You can breathe flames. [mutagenic meat]
 45809 | Snake:4  | Gained mutation: You occasionally shout uncontrollably at your foes. [mutagenic meat]
 45812 | Snake:4  | Lost mutation: Armour fits poorly on your strangely shaped body. [mutagenic meat]
 46068 | Snake:4  | Got a serpentine rune of Zot
 46177 | Snake:4  | Reached XP level 21. HP: 149/184 MP: 25/25
 46525 | Vaults:1 | Entered Level 1 of the Vaults
 46533 | Vaults:1 | Found Gozag's Antique Armour Boutique.
 46539 | Vaults:1 | Received a gift from Okawaru
 46611 | Vaults:1 | Found an opulent altar of Gozag.
 46658 | Vaults:1 | Found Gozag's Assorted Antiques.
 46666 | Vaults:1 | Found Gozag's Assorted Antiques.
 46862 | Vaults:1 | Found a magical portal.
 46881 | WizLab   | Entered Iskenderun's Mystic Tower
 47160 | WizLab   | Reached skill level 21 in Polearms
 47482 | WizLab   | Identified Iskenderun's Handbook of Frigorific Conjuration
 47482 | WizLab   | Identified Iskenderun's Grimoire of Confrontation and Weightlessness
 47507 | WizLab   | Got a scorched great sword
 47519 | WizLab   | Identified the cursed +2 great sword of Desepp {flame, *Confuse +Rage rF+ SInv} (You found it in a wizard's laboratory)
 47933 | Vaults:1 | Found Dasesawk's Weapon Boutique.
 47979 | Vaults:1 | Found Gigoapto's Gadget Shop.
 48191 | Vaults:1 | Found Kuischawa's Antique Weapon Shop.
 48226 | Vaults:1 | Found Derut's Book Emporium.
 48302 | Vaults:1 | Received a gift from Okawaru
 48573 | Vaults:1 | Gained mutation: You are weak. (Str -2) [mutagenic meat]
 48575 | Vaults:1 | Lost mutation: Your mind is acute. (Int +2) [mutagenic meat]
 49233 | Vaults:1 | Received a gift from Okawaru
 49253 | Vaults:1 | Got an encrusted halberd {god gift}
 49254 | Vaults:1 | Identified the +4 halberd "Jewyo" {venom, Int+4} (Okawaru gifted it to you on level 1 of the Vaults)
 49368 | Vaults:2 | Found Ynaotom's Gadget Shoppe.
 49703 | Vaults:2 | Reached XP level 22. HP: 155/192 MP: 26/26
 49850 | Vaults:2 | Reached skill level 22 in Polearms
 49854 | Vaults:2 | Received a gift from Okawaru
 49862 | Vaults:2 | Gained mutation: Scrolls take you longer to read. [mutagenic meat]
 49863 | Vaults:2 | Gained mutation: Your flesh is heat resistant. [mutagenic meat]
 49865 | Vaults:2 | Gained mutation: Scrolls take you much longer to read. [mutagenic meat]
 50498 | Vaults:2 | Noticed Boris
 50533 | Vaults:2 | Killed Boris
 51223 | Vaults:3 | Lost mutation: Scrolls take you much longer to read. [potion of mutation]
 51365 | Vaults:3 | Received a gift from Okawaru
 51393 | Vaults:3 | Received a gift from Okawaru
 51490 | Vaults:3 | Noticed a golden dragon
 51861 | Vaults:3 | Killed a golden dragon
 51882 | Vaults:3 | Reached skill level 23 in Polearms
 51996 | Vaults:3 | Lost mutation: Your body often deteriorates upon taking damage. [mutagenic meat]
 52009 | Vaults:3 | Gained mutation: Scrolls take you much longer to read. [mutagenic meat]
 52010 | Vaults:3 | Gained mutation: Your body often deteriorates upon taking damage. [mutagenic meat]
 52012 | Vaults:3 | Lost mutation: You are clumsy. (Dex -2) [mutagenic meat]
 52013 | Vaults:3 | Gained mutation: You possess an exceptional clarity of mind. [mutagenic meat]
 52108 | Vaults:3 | Reached XP level 23. HP: 174/198 MP: 27/27
 52201 | Vaults:3 | Lost mutation: You can breathe flames. [mutagenic meat]
 52428 | Vaults:3 | Got a transparent garnet amulet
 52432 | Vaults:3 | Identified the amulet of Lidot {Ward rN+ SInv} (You took it off a vault sentinel on level 3 of the Vaults)
 52577 | Vaults:3 | Got an ancient great mace
 52579 | Vaults:3 | Identified the +5 great mace of Excruciating Pain {flame, rPois Dex+2} (You found it on level 3 of the Vaults)
 53204 | Vaults:3 | Found a staircase to the Crypt.
 53487 | Vaults:4 | Got a shimmering battleaxe
 53488 | Vaults:4 | Identified the +5 battleaxe of the Owl {chop, rPois} (You found it on level 4 of the Vaults)
 53810 | Vaults:4 | Noticed Donald
 53819 | Vaults:4 | Killed Donald
 53819 | Vaults:4 | Received a gift from Okawaru
 53820 | Vaults:4 | Got a warped trident {god gift}
 53822 | Vaults:4 | Identified the +3 trident of the Beginning {pain, Str+3} (Okawaru gifted it to you on level 4 of the Vaults)
 53938 | Vaults:4 | Reached skill level 24 in Polearms
 54392 | Vaults:3 | Lost mutation: You occasionally shout uncontrollably at your foes. [mutagenic meat]
 54394 | Vaults:3 | Gained mutation: Your flesh is very cold resistant. [mutagenic meat]
 54864 | Vaults:4 | Received a gift from Okawaru
 55394 | Vaults:4 | Received a gift from Okawaru
 55993 | Elf:1    | Entered Level 1 of the Elven Halls
 56152 | Elf:1    | Reached XP level 24. HP: 205/205 MP: 27/27
 56546 | Elf:1    | Reached skill level 25 in Polearms
 56962 | Elf:1    | Identified Sif Muna's Handbook of Harmful Calling
 57667 | Elf:2    | Found a runed gate.
 57667 | Elf:2    | Found a runed gate.
 57668 | Elf:2    | Found a runed gate.
 57704 | Elf:2    | Found Yxuerir's Magic Scroll Boutique.
 57711 | Elf:2    | Bought a scroll of identify for 36 gold pieces
 57711 | Elf:2    | Bought a scroll of enchant armour for 135 gold pieces
 57711 | Elf:2    | Bought a scroll of identify for 36 gold pieces
 57711 | Elf:2    | Bought a scroll of enchant armour for 135 gold pieces
 57711 | Elf:2    | Bought a scroll of identify for 36 gold pieces
 58657 | Elf:3    | Entered Level 3 of the Elven Halls
 58731 | Elf:3    | Received a gift from Okawaru
 59229 | Elf:3    | Noticed Mara
 59239 | Elf:3    | Noticed McCoppin's illusion
 59278 | Elf:3    | Killed Mara
 59477 | Elf:3    | Reached skill level 26 in Polearms
 59553 | Elf:3    | Reached skill level 1 in Dodging
 59557 | Elf:3    | Got a steaming greatsling {god gift}
 59660 | Elf:3    | Received a gift from Okawaru
 59705 | Elf:3    | Got an ichor-stained leather armour
 60164 | Elf:3    | Reached skill level 5 in Dodging
 60212 | Elf:3    | Reached XP level 25. HP: 209/212 MP: 27/27
 60270 | Elf:3    | Got a faintly glowing broad axe {freeze}
 60463 | Elf:3    | Got a translucent mace {antimagic}
 60574 | Elf:3    | Upgraded the game from 0.17.0-22-g5edae84 to 0.17.0-23-g0de4337
 61019 | Depths:1 | Entered Level 1 of the Depths
 61059 | Depths:1 | Received a gift from Okawaru
 61067 | Depths:1 | Found a gateway to a ziggurat.
 61595 | Depths:1 | Found Kiteog's Gadget Shop.
 61753 | Depths:1 | Found Viyclu's Gadget Emporium.
 62005 | Depths:1 | Reached skill level 10 in Dodging
 62206 | Depths:1 | Found Syipeci's Distillery.
 62216 | Depths:1 | Bought a potion of agility for 52 gold pieces
 62216 | Depths:1 | Bought a potion of heal wounds for 65 gold pieces
 62216 | Depths:1 | Bought a potion of heal wounds for 65 gold pieces
 62216 | Depths:1 | Bought a potion of mutation for 32 gold pieces
 62216 | Depths:1 | Bought a potion of curing for 39 gold pieces
 62216 | Depths:1 | Bought a potion of curing for 39 gold pieces
 62239 | Depths:1 | Identified the +1 leather armour "Nuoveaka" {+Fly MR+} (You took it off a deep elf sorcerer on level 3 of the Elven Halls)
 62331 | Depths:1 | Found a gateway to Hell.
 62462 | Depths:1 | Gained mutation: You are frail (-10% HP). [mutagenic meat]
 62672 | Depths:1 | Found Exzuetynt's Antique Armour Shop.
 63029 | Depths:2 | Received a gift from Okawaru
 63048 | Depths:2 | Lost mutation: You have sharp fingernails. [mutagenic meat]
 63055 | Depths:2 | Found a one-way gate to the infinite horrors of the Abyss.
 63058 | Depths:2 | Noticed Asterion
 63075 | Depths:2 | Killed Asterion
 63799 | Depths:2 | Gained mutation: You are covered in fur (AC +1). [potion of mutation]
 63844 | Depths:2 | Got an iridescent lajatang
 63850 | Depths:2 | Identified the +5 lajatang "Xiredul" {freeze, rC+ rN+ MP+9} (You found it on level 2 of the Depths)
 63851 | Depths:2 | Identified the +4 broad axe of Defence {freeze, MR+ Int+2} (You took it off a deep elf demonologist on level 3 of the Elven Halls)
 63852 | Depths:2 | Identified the cursed +1 mace of Fedhas's Delight {antimagic, Str+4} (You took it off a deep elf death mage on level 3 of the Elven Halls)
 63856 | Depths:2 | Identified the +3 greatsling of Furiduw {flame, MR+ Dex+2} (Okawaru gifted it to you on level 3 of the Elven Halls)
 64342 | Depths:3 | Gained mutation: You are very frail (-20% HP). [mutagenic meat]
 64379 | Depths:3 | Reached XP level 26. HP: 150/175 MP: 27/27
 64520 | Depths:3 | HP: 3/175 [titan/bolt of lightning (61)]
 64559 | Depths:3 | Received a gift from Okawaru
 65098 | Depths:3 | Gained mutation: Your spells are a little easier to cast, but a little less powerful. [mutagenic meat]
 65099 | Depths:3 | Lost mutation: Your flesh is heat resistant. [mutagenic meat]
 65458 | Depths:3 | Lost mutation: Scrolls take you much longer to read. [mutagenic meat]
 65459 | Depths:3 | Lost mutation: Your spells are a little easier to cast, but a little less powerful. [mutagenic meat]
 65460 | Depths:3 | Lost mutation: You are very frail (-20% HP). [mutagenic meat]
 65461 | Depths:3 | Lost mutation: You are weak. (Str -2) [mutagenic meat]
 65463 | Depths:3 | Lost mutation: Your flesh is very cold resistant. [mutagenic meat]
 65464 | Depths:3 | Lost mutation: Scrolls take you longer to read. [mutagenic meat]
 65467 | Depths:3 | Lost mutation: You are partially covered in thin metallic scales (AC +2). [mutagenic meat]
 65734 | Depths:3 | Gained mutation: You can spit weak poison. [mutagenic meat]
 65735 | Depths:3 | Lost mutation: Your body often deteriorates upon taking damage. [mutagenic meat]
 65737 | Depths:3 | Gained mutation: You occasionally shout uncontrollably at your foes. [mutagenic meat]
 65840 | Depths:3 | Noticed Xtahua
 65885 | Depths:3 | Killed Xtahua
 65885 | Depths:3 | Reached skill level 15 in Dodging
 66252 | Depths:3 | Found a one-way gate leading to the halls of Pandemonium.
 66683 | Depths:3 | Received a gift from Okawaru
 67129 | Depths:4 | Identified Asmodeus's Incunabulum of Flamy Attacks
 67538 | Depths:4 | Identified Lee's Collected Works on Dusty Confrontation
 67713 | Depths:5 | Entered Level 5 of the Depths
 67886 | Depths:5 | Noticed an ancient lich
 67890 | Depths:5 | Killed from afar by an ancient lich

Action                   |  1- 3 |  4- 6 |  7- 9 | 10-12 | 13-15 | 16-18 | 19-21 | 22-24 | 25-27 || total
-------------------------+-------+-------+-------+-------+-------+-------+-------+-------+-------++-------
Melee: Trident           |    74 |   182 |   243 |    44 |    15 |       |       |       |       ||   558
       Scythe            |       |     8 |       |       |       |       |       |       |       ||     8
       Halberd           |       |       |   185 |  1008 |   463 |       |       |       |       ||  1656
       Spear             |       |       |   117 |       |       |       |       |       |       ||   117
       Glaive            |       |       |       |       |   279 |       |       |       |       ||   279
       Demon trident     |       |       |       |       |   932 |  2374 |  2187 |  2147 |   807 ||  8447
       Bardiche          |       |       |       |       |       |       |    15 |       |   670 ||   685
Invok: Heroism           |       |       |       |     4 |     3 |     3 |     2 |     9 |     4 ||    25
 Abil: Dig               |       |       |     2 |     3 |    11 |     7 |    18 |     4 |     6 ||    51
       Breathe Fire      |       |       |       |       |       |       |       |     1 |       ||     1
  Use: Scroll            |       |     7 |     4 |     6 |    10 |    10 |     3 |    15 |     4 ||    59
       Potion            |       |       |     6 |    12 |     2 |     2 |     3 |     3 |     6 ||    34
 Stab: Invisible         |       |       |       |     4 |       |       |       |       |       ||     4
       Petrified         |       |       |       |       |     2 |       |       |       |       ||     2
       Confused          |       |       |       |       |       |     2 |       |       |       ||     2
       Distracted        |       |       |       |       |       |       |     1 |     2 |       ||     3
  Eat: Chunk             |       |     2 |     1 |    18 |     4 |    33 |    18 |    37 |    38 ||   151
       Bread ration      |       |     1 |     3 |       |     4 |     4 |     2 |     1 |     1 ||    16
       Fruit             |       |       |       |    11 |     8 |     2 |     4 |     8 |     1 ||    34
       Pizza             |       |       |       |       |     2 |     5 |     2 |       |       ||     9
       Meat ration       |       |       |       |       |     2 |       |       |       |     2 ||     4
       Royal jelly       |       |       |       |       |     1 |     1 |     9 |       |       ||    11
       Beef jerky        |       |       |       |       |       |     2 |     4 |     7 |     1 ||    14
